 Dungeon Crawl Stone Soup version 0.30-a0-782-ge64f9170bb (webtiles) character file.

Game seed: 4082384822354966760

66 Nedwor the Cutter (level 3, -4/28 HPs)
             Began as a Demonspawn Gladiator on Feb 25, 2023.
             Slain by a gnoll
             ... wielding a +0 halberd
              (6 damage)
             ... on level 2 of the Dungeon.
             The game lasted 00:03:21 (1244 turns).

Nedwor the Cutter (Demonspawn Gladiator)            Turns: 1244, Time: 00:03:21

Health: -4/28      AC: 10    Str: 16    XL:     3   Next: 96%
Magic:  3/3        EV:  7    Int:  9    God:
Gold:   63         SH:  4    Dex: 14    Spells: 2/2 levels left

rFire   . . .      SeeInvis .    d - +2 short sword (speed)
rCold   . . .      Faith    .    (no shield)
rNeg    . . .      Spirit   .    i - +0 chain mail
rPois   .          Reflect  .    c - +0 helmet
rElec   .          Harm     .    f - +0 cloak
rCorr   .          Rampage  .    (no gloves)
Will    .....                    (no boots) Stlth
                                 (no amulet)
HPRegen 0.24/turn                (no ring)
MPRegen 0.08/turn                (no ring)

@: no status effects
A: large bone plates 1
a: no special abilities


You were on level 2 of the Dungeon.
You visited 1 branch of the dungeon, and saw 2 of its levels.

You collected 63 gold pieces.

Inventory:

Hand Weapons
 d - a +2 short sword of speed (weapon)
Armour
 c - a +0 helmet (worn)
 f - a +0 cloak (worn)
 i - a +0 chain mail (worn)
Scrolls
 g - a scroll of summoning
 h - a scroll of silence {unknown}
 j - 2 scrolls of vulnerability {unknown}
 k - a scroll of teleportation {unknown}
 l - 2 scrolls of identify {unknown}
 m - a scroll of poison {unknown}
 n - a scroll of fear {unknown}
Potions
 e - a potion of magic {unknown}


   Skills:
 + Level 2.6 Fighting
 * Level 3.5 Short Blades
 - Level 1.7 Throwing
 + Level 1.1 Armour
 + Level 3.1 Dodging


You had 2 spell levels left.
You didn't know any spells.
Your spell library contained the following spells:

 Spells                   Type           Power      Damage    Failure   Level
 Shock                    Conj/Air       0%         1d3       100%        1
 Ozocubu's Armour         Ice            0%         N/A       100%        3
 Swiftness                Air            0%         N/A       100%        3
 Airstrike                Air            0%         2d(0-16)  100%        4
 Metabolic Englaciation   Hex/Ice        0%         N/A       100%        5
 Simulacrum               Ice/Necr       0%         N/A       100%        6


Dungeon Overview and Level Annotations

Branches:
Dungeon (2/15)

Altars:

Shops:
D:1 [*(=:


Innate Abilities, Weirdness & Mutations

You are partially covered in large bone plates. (SH +4)


Message History

You swap places.
The gnoll hits your rat with a +0 club!
Your rat dies!
Your rat's corpse dissolves into shadows!
You swap places.
The gnoll hits your dart slug with a +0 club.
The gnoll hits your dart slug with a +0 club!
Your dart slug dies!
Your dart slug's corpse dissolves into shadows!
Your bat barely misses the gnoll. x2; The gnoll closely misses your bat.
Your bat hits the gnoll but does no damage.
The gnoll hits your bat with a +0 club.
Your bat dies!
Your bat's corpse dissolves into shadows!
The gnoll shouts!
You hit the gnoll.
The gnoll is severely wounded.
You hit the gnoll.
You kill the gnoll!
The gnoll hits you but does no damage.
Things that are here:
a +0 club; a gnoll corpse You barely miss the gnoll.
You completely miss the gnoll. You block the gnoll's attack.
You hit the gnoll.
The gnoll is moderately wounded.
You closely miss the gnoll.
The gnoll is moderately wounded.
The gnoll barely misses you.
You hit the gnoll.
The gnoll is moderately wounded.
You closely miss the gnoll.
The gnoll is moderately wounded.
The gnoll hits you with a +0 halberd.
* * * LOW HITPOINT WARNING * * *
You hit the gnoll but do no damage.
The gnoll is moderately wounded.
You hit the gnoll.
The gnoll is heavily wounded.
The gnoll hits you with a +0 halberd.
You die...

#§# #g# #§# #§# #§# #§# #g#
#g###########
#######@##......).#
#######........#.######.#
##...##...............##<#
#.....#..##.......###.##.#
#.................###.##.#
#.....#..####...#........#
####...##.........#####.####
........#....†...######.###
.####.#.########.# #......#


You could see 2 gnolls.

Vanquished Creatures
  2 gnolls (D:2)
  A worm (D:2)
  A dart slug (D:1)
  4 ball pythons
  4 endoplasms (D:1)
  3 giant cockroaches (D:1)
  3 goblins
  3 hobgoblins
  5 quokkas
  3 bats (D:1)
  A frilled lizard (D:1)
  2 kobolds
  8 rats
40 creatures vanquished.

Notes
Turn   | Place    | Note
-------+----------+-------------------------------------------
     0 | D:1      | Nedwor the Demonspawn Gladiator began the quest for the
                  | Orb.
     0 | D:1      | Reached XP level 1. HP: 16/16 MP: 1/1
    81 | D:1      | Found Ginlegh's Weapon Shoppe.
   110 | D:1      | Gained mutation: You are partially covered in large bone
                  | plates. (SH +4) [demonic ancestry]
   110 | D:1      | Reached XP level 2. HP: 6/22 MP: 2/2
   218 | D:1      | Found Deorghiki's Book Boutique.
   221 | D:1      | Found Dawk's Jewellery Boutique.
   278 | D:1      | Found Dewusec's Assorted Antiques.
   422 | D:1      | Reached XP level 3. HP: 28/28 MP: 3/3
   644 | D:1      | Found Putuyve's Armour Shoppe.
  1182 | D:2      | Reached skill level 1 in Armour
  1244 | D:2      | Slain by a gnoll

Illustrated notes

Levels and vault maps discovered:
D:1:      minmay_arrival_loop, layout_basic, serial_shops, shop_statue, shop,
          shop, shop_statue, nicolae_shop_competitors_out_of_business
D:2:      layout_loops_corners

Skill      XL: |  1  2  3 |
---------------+----------+-----
Short Blades   | 3 |  3.5
Dodging        | 3 |  3.1
Armour         | 1 |  1.1
Fighting       | |  2.6
Throwing       | |  1.7

Action                     || total
---------------------------++-------
  Melee: Rapier            ||    37
         Short sword       ||   114
    Use: Scroll            ||     3
   Stab: Sleeping          ||     1
 Armour: Leather armour    ||    25
         Chain mail        ||    33
  Dodge: Dodged            ||    47
  Block: Other             ||    12

Table legend: (Time is in decaauts)
 A = Elapsed time spent in this place.
 B = Non-inter-level travel time spent in this place.
 C = Inter-level travel time spent in this place.
 D = Time resting spent in this place.
 E = Time spent auto-exploring this place.
 F = Levels seen in this place.
 G = Mean time per level.
                   A        B        C        D        E       F      G
               +--------+--------+--------+--------+--------+-----+--------+
         Total |   1190 |   1166 |     24 |     66 |    820 |   2 |  595.0 |
       Dungeon |   1190 |   1166 |     24 |     66 |    820 |   2 |  595.0 |
               +--------+--------+--------+--------+--------+-----+--------+

Top non-repeatable levels by time:
     D:1: 706 daAuts
     D:2: 483 daAuts
